 Dungeon Crawl Stone Soup version 0.31.0-12-g77e489cdc1 (webtiles) character file.

Game seed: 7785122513295030799

42 KiwiPetal the Magician (level 3, -3/24 HPs)
             Began as a Human Hedge Wizard on Feb 17, 2024.
             Slain by a gnoll
             ... wielding a +0 whip
              (6 damage)
             ... on level 2 of the Dungeon.
             The game lasted 00:06:06 (1344 turns).

KiwiPetal the Magician (Human Hedge Wizard)         Turns: 1344, Time: 00:06:06

Health: -3/24      AC:  2    Str: 10    XL:     3   Next: 56%
Magic:  3/7        EV: 12    Int: 16    God:
Gold:   76         SH:  0    Dex: 12    Spells: 5/8 levels left

rFire   . . .        a - +0 dagger
rCold   . . .        (no shield)
rNeg    . . .        b - +0 robe
rPois   .            c - +0 hat
rElec   .            (no cloak)
rCorr   .            (no gloves)
SInv    .            (no boots)
Will    .....        (no amulet)
Stlth   ++           (no ring)
HPRegen 0.24/turn    (no ring)
MPRegen 0.10/turn

%: no passive effects
@: no status effects
A: explore regen
a: no special abilities


You were on level 2 of the Dungeon.
You visited 1 branch of the dungeon, and saw 2 of its levels.

You collected 76 gold pieces.

Inventory:

Hand Weapons
 a - a +0 dagger (weapon)
Armour
 b - a +0 robe (worn)
 c - a +0 hat (worn)
Talismans
 f - a flux talisman
Scrolls
 e - a scroll of fear {unknown}
 h - a scroll of brand weapon {unknown}
Potions
 d - a potion of magic
 g - a potion of might {unknown}


   Skills:
 + Level 2.3 Dodging
 + Level 2.4 Stealth
 + Level 3.2 Spellcasting
 + Level 1.6 Conjurations
 + Level 1.5 Summonings
 + Level 1.5 Translocations


You had 5 spell levels left.
You knew the following spells:

 Your Spells              Type           Power      Damage    Failure   Level
a - Magic Dart            Conj           28%        1d4       10%         1
b - Call Imp              Summ           14%        N/A       16%         2

Your spell library contained the following spells:

 Spells                   Type           Power      Damage    Failure   Level
 Blink                    Tloc           14%        N/A       14%         2
 Slow                     Hex            8%         N/A       19%         1
 Cigotuvi's Dreadful Rot  Necr/Alch/Air  4%         N/A       28%         2
 Mephitic Cloud           Conj/Alch/Air  4%         N/A       41%         3


Dungeon Overview and Level Annotations

Branches:
Dungeon (2/15)

Altars:


Innate Abilities, Weirdness & Mutations

You regain HP and MP as you explore.


Message History

The gnoll is severely wounded.
The gnoll closely misses you.
The magic dart hits the gnoll.
You kill the gnoll!
The magic dart hits the adder.
The adder is moderately wounded.
The adder bites you. The adder barely misses you.
The gnoll attacks as it pursues you! The gnoll hits you but does no damage.
You see here a fizzy cyan potion.
The gnoll attacks as it pursues you! The gnoll barely misses you.
The gnoll attacks as it pursues you! The gnoll closely misses you.
The gnoll attacks as it pursues you!
The gnoll hits you from afar with a +0 spear.
The adder barely misses you.
Found 4 gold pieces.
The adder bites you.
Casting: Magic Dart (safe; 10% risk of failure)
Confirm with . or Enter, or press ? or * to list all spells.
Aiming: Magic Dart (safe; 10% risk of failure)
Press: ? - help, Shift-Dir - straight line, f/p - adder
Aim: an adder (moderately wounded, 100% to hit)
The magic dart hits the adder.
The adder is heavily wounded.
The adder completely misses you.
The magic dart hits the adder.
The adder is severely wounded.
The adder barely misses you.
The magic dart hits the adder.
The adder is almost dead.
The adder bites you. The gnoll hits you with a +0 whip!
The gnoll barely misses you. The adder barely misses you.
Found 15 gold pieces.
The gnoll hits you with a +0 whip!
The gnoll hits you from afar with a +0 spear.
* * * LOW HITPOINT WARNING * * *
As you open the door, it creaks loudly!
The gnoll hits you from afar with a +0 spear.
* * * LOW HITPOINT WARNING * * *
The adder misses you. The gnoll hits you with a +0 whip.
You die...

#..$ #..#.. #...
#.?#.. #...
######..... #...
#..#!...... ###...##
#..#..)..##
#.....+.#####..!..#..#
#...##g.#.......#..#
#gS..#).g..######
#@#.....#..#
#'#.....#..#
#......###### #....#.#
#....#.# #....#.#
#...$#.# #....#.#


You could see 2 gnolls and an adder.

Vanquished Creatures
  A gnoll (D:2)
  3 dart slugs (D:1)
  An endoplasm (D:1)
  A giant cockroach (D:1)
  2 goblins (D:1)
  3 hobgoblins (D:1)
  2 quokkas (D:1)
  2 bats (D:1)
  A kobold (D:1)
16 creatures vanquished.

Vanquished Creatures (collateral kills)
  A gnoll (D:1)
1 creature vanquished.

Grand Total: 17 creatures vanquished

Notes
Turn   | Place    | Note
-------+----------+-------------------------------------------
     0 | D:1      | KiwiPetal the Human Hedge Wizard began the quest for the
                  | Orb.
     0 | D:1      | Reached XP level 1. HP: 13/13 MP: 4/4
   178 | D:1      | Reached XP level 2. HP: 6/19 MP: 0/6
  1024 | D:1      | Learned a level 2 spell: Call Imp
  1034 | D:1      | Reached XP level 3. HP: 24/24 MP: 1/7
  1136 | D:1      | Found a faded altar of an unknown god.
  1344 | D:2      | Slain by a gnoll

Illustrated notes

Levels and vault maps discovered:
D:1:      psy_arrival_radial02, layout_basic,
          shapermc_ecumenical_altar_mp_vishouse, dreamdust_wishing_well
D:2:      kb_forest_paths, layout_basic, hangedman_decor_push,
          minmay_statues_item

Action                     || total
---------------------------++-------
  Melee: Dagger            ||    19
         Punch             ||     1
   Cast: Magic Dart        ||    57
         Call Imp          ||     1
 Armour: Robe              ||    27
  Dodge: Dodged            ||    36
